 Dungeon Crawl Stone Soup version 0.32-a0-859-gb0a091d592 (webtiles) character file.

Game seed: 3613057550821426245

2580 javelincjr the Trooper (level 9, 0/92 HPs)
             Began as a Troll Hunter on Mar 27, 2024.
             Was an Initiate of Makhleb.
             Slain by a hornet (14 damage)
             ... on level 7 of the Dungeon.
             The game lasted 00:21:55 (5857 turns).

javelincjr the Trooper (Troll Hunter)               Turns: 5857, Time: 00:21:56

Health: 0/92       AC:  7    Str: 17    XL:     9   Next: 32%
Magic:  17/17      EV: 11    Int:  8    God:    Makhleb [......]
Gold:   315        SH:  0    Dex: 17    Spells: 8/8 levels left

rFire   . . .        F - +0 shortbow (flame)
rCold   . . .        (shield currently unavailable)
rNeg    . . .        r - +2 robe "Xuprosk" {MP+9 Str-4 Int+3}
rPois   .            (helmet restricted)
rElec   .            J - +0 cloak
rCorr   .            (gloves unavailable)
SInv    .            (boots unavailable)
Will    .....        t - amulet of the acrobat
Stlth   +++          (no ring)
HPRegen 1.15/turn    (no ring)
MPRegen 0.15/turn

%: acrobat
@: brilliant, lethally poisoned (0 -> -1), slowed, very slow
A: large, unfitting armour, claws 3, regeneration 1, shaggy fur 1, tough skin 1
a: Renounce Religion


You were on level 7 of the Dungeon.
You worshipped Makhleb.
Makhleb was noncommittal.
You visited 2 branches of the dungeon, and saw 8 of its levels.

You collected 315 gold pieces.

Inventory:

Hand Weapons
 a - a +0 shortbow
 v - a +0 dagger of chaos
 x - a +3 dire flail of holy wrath
 A - a +0 arbalest
 F - a +0 shortbow of flaming (weapon)
 I - a +4 quarterstaff of chaos
Missiles
 w - 19 poisoned darts
 y - 2 throwing nets
 L - 4 darts of dispersal
Armour
 c - a +0 robe
 r - the +2 robe "Xuprosk" (worn) {MP+9 Str-4 Int+3}
   (You found it on level 4 of the Dungeon)

   Str-4:     It affects your strength (-4).
   Int+3:     It affects your intelligence (+3).
   MP+9:      It affects your magic capacity (+9).
 J - a +0 cloak (worn)
Jewellery
 t - an amulet of the acrobat (around neck)
Wands
 q - a wand of mindburst (2)
 s - a wand of light (14)
 u - a wand of flame (31)
Scrolls
 b - 4 scrolls of identify {unknown}
 d - 2 scrolls of amnesia {unknown}
 g - 2 scrolls of vulnerability {unknown}
 i - 3 scrolls of enchant weapon {unknown}
 k - 2 scrolls of enchant armour {unknown}
 n - 2 scrolls of revelation {unknown}
 C - a scroll of immolation {unknown}
 G - 2 scrolls of teleportation {unknown}
 H - a scroll of fog {unknown}
 K - a scroll of acquirement {unknown}
 M - a scroll of noise {unknown}
Potions
 e - a potion of haste
 f - a potion of curing {unknown}
 h - a potion of brilliance
 j - a potion of heal wounds {unknown}
 l - 2 potions of lignification {unknown}
 m - a potion of invisibility {unknown}
 o - 3 potions of berserk rage
 p - a potion of ambrosia {unknown}
 z - a potion of attraction {unknown}
 B - a potion of degeneration {unknown}
 D - a potion of mutation {unknown}
 E - 2 potions of enlightenment {unknown}


   Skills:
 * Level 6.9 Fighting
 + Level 4.8 Ranged Weapons
 + Level 4.9 Dodging
 + Level 3.4 Stealth


You had 8 spell levels left.
You didn't know any spells.
Your spell library contained the following spells:

 Spells                   Type           Power      Damage    Failure   Level
 Tukima's Dance           Hex            0%         N/A       78%         3
 Dimensional Bullseye     Hex/Tloc       0%         N/A       99%         4
 Iskenderun's Mystic Bla Conj/Tloc 0%             2d3        (+2d1     99%         4
 Dispersal                Tloc           0%         N/A       100%        6
 Gell's Gavotte           Tloc           0%         2d(11-16) 100%        6
 Manifold Assault         Tloc           0%         N/A       100%        7
 Disjunction              Tloc           0%         N/A       100%        8


Dungeon Overview and Level Annotations

Branches:
Dungeon (7/15)             Temple (1/1) D:6

Altars:
Ashenzari
Cheibriados
Dithmenos
Elyvilon
Fedhas
Gozag
Hepliaklqana
Kikubaaqudgha
Makhleb
Nemelex Xobeh
Okawaru
Qazlal
Sif Muna
Trog
Uskayaw
Vehumet
Wu Jian
Xom
Yredelemnul
Zin
The Shining One

Shops:
D:1 [


Innate Abilities, Weirdness & Mutations

You are too large for most types of armour.
You have claws for hands.
Your natural rate of healing is unusually fast.
You are covered in fur. (AC +1)
You have tough skin. (AC +1)


Message History

The hornet stings you.
You feel as though you will be slow longer.
The hornet stings you!
You feel as though you will be slow longer.
The hornet stings you!
You feel as though you will be slow longer.
You are too injured to fight recklessly!
You are too injured to fight recklessly!
You are too injured to fight recklessly!
Fire: F) +0 shortbow (flame)
Press: ? - help, Q - select action, (/) - cycle Shift-Dir - straight line, f/p - hornet
Aim: a hornet (moderately wounded, 53% to hit)
You shoot an arrow. The arrow closely misses the hornet.
You feel very sick.
The hornet stings you but does no damage.
The hornet barely misses you. The hornet stings you.
You are more poisoned.
You feel as though you will be slow longer.
Fire: F) +0 shortbow (flame)
Press: ? - help, Q - select action, (/) - cycle Shift-Dir - straight line, f/p - hornet
Aim: a hornet (moderately wounded, 53% to hit)
You shoot an arrow. The arrow hits the hornet.
The arrow burns the hornet.
The hornet is heavily wounded.
You feel very sick. The hornet barely misses you. The hornet stings you!
* * * LOW HITPOINT WARNING * * *
You feel as though you will be slow longer.
Fire: F) +0 shortbow (flame)
Press: ? - help, Q - select action, (/) - cycle Shift-Dir - straight line, f/p - hornet
Aim: a hornet (heavily wounded, 53% to hit)
You shoot an arrow. The arrow barely misses the hornet.
You feel very sick. The hornet barely misses you. The hornet stings you!
* * * LOW HITPOINT WARNING * * *
You feel as though you will be slow longer.
The hornet barely misses you.
It was a potion of brilliance.
You feel clever all of a sudden.
You feel sick. The hornet closely misses you. The hornet stings you!
You die...

#.# #.#..... #.#
#.#..... #.#
#.#..... #.#
#.#.....
#######.#####.#.....
..............#.....
######.#######.....
######.#######.....
#.@..............##
#y####.#########.#
#. #.........#.# #.
#.#..####.#.# #.
#.#.....#.#.# #.
#.#..##.#.#.# #.
#.#<....#.#.# #.
#.#######.#.##
#.........#...


You could see a hornet.

Vanquished Creatures
  Sigmund (D:2)
  A steam dragon (D:5)
  Menkaure (D:4)
  Edmund (D:5)
  A water moccasin (D:7)
  The ghost of Azoth the Skirmisher, an amateur DEHu of Gozag (D:4)
  2 ogres
  A centaur (D:6)
  A phantom (D:4)
  A scorpion (D:6)
  4 killer bees (D:6)
  A howler monkey (D:6)
  3 bombardier beetles
  4 crimson imps (D:4)
  An orc priest (D:7)
  8 hounds
  2 jellies
  Crazy Yiuf (D:6)
  Natasha (thrice) (D:2)
  4 iguanas
  7 orc wizards
  6 gnolls
  12 adders
  A white imp (D:5)
  2 ribbon worms
  4 dart slugs
  17 orcs
  8 endoplasms
  8 giant cockroaches
  8 hobgoblins
  3 jackals (D:3)
  6 kobolds
  2 quokkas
  6 ball pythons
  5 bats
  A frilled lizard (D:2)
  9 goblins
  2 rats
149 creatures vanquished.

Vanquished Creatures (others)
  A hound (D:5)
1 creature vanquished.

Grand Total: 150 creatures vanquished

Notes
Turn   | Place    | Note
-------+----------+-------------------------------------------
     0 | D:1      | javelincjr the Troll Hunter began the quest for the Orb.
     0 | D:1      | Reached XP level 1. HP: 19/19 MP: 0/0
     3 | D:1      | Found a hazy altar of Hepliaklqana.
    73 | D:1      | Found a faded altar of an unknown god.
    81 | D:1      | Reached XP level 2. HP: 28/28 MP: 1/1
   187 | D:1      | Reached skill level 2 in Fighting
   265 | D:1      | Found Coyn's Antique Armour Shop.
   499 | D:2      | Noticed Natasha
   508 | D:2      | Killed Natasha
   509 | D:2      | Reached XP level 3. HP: 32/36 MP: 2/2
   522 | D:2      | Noticed Natasha
   533 | D:2      | Killed Natasha
   534 | D:2      | Reached skill level 1 in Stealth
   534 | D:2      | Reached XP level 4. HP: 15/44 MP: 3/3
   680 | D:2      | Noticed Sigmund
   914 | D:2      | Noticed Natasha
   925 | D:2      | Killed Natasha
   926 | D:2      | Reached skill level 3 in Fighting
   926 | D:2      | Reached XP level 5. HP: 53/53 MP: 4/4
  1308 | D:2      | Killed Sigmund
  1309 | D:2      | Reached XP level 6. HP: 36/61 MP: 5/5
  2029 | D:4      | Found a snail-covered altar of Cheibriados.
  2125 | D:4      | Reached skill level 4 in Fighting
  2141 | D:4      | Reached XP level 7. HP: 55/70 MP: 6/6
  2174 | D:4      | Found a runed translucent door.
  2174 | D:4      | Noticed Azoth's ghost (amateur DEHu)
  2281 | D:4      | Identified the +2 robe "Xuprosk" {MP+9 Str-4 Int+3}
  2437 | D:4      | Noticed Menkaure
  2443 | D:4      | Killed Menkaure
  2484 | D:4      | Found a shimmering altar of Xom.
  2798 | D:4      | Found a white marble altar of Elyvilon.
  2903 | D:4      | Killed Azoth's ghost
  2904 | D:4      | Reached skill level 5 in Fighting
  2904 | D:4      | Reached XP level 8. HP: 53/80 MP: 7/7
  2940 | D:5      | Entered Level 5 of the Dungeon
  3182 | D:5      | Found a sparkling altar of Nemelex Xobeh.
  3377 | D:5      | Noticed Edmund
  3396 | D:5      | Killed Edmund
  3638 | D:5      | Reached skill level 6 in Fighting
  3767 | D:5      | Found a glowing silver altar of Zin.
  4605 | D:6      | Reached XP level 9. HP: 65/92 MP: 8/8
  4679 | D:6      | Found a shimmering blue altar of Sif Muna.
  4739 | D:6      | Found a glowing golden altar of the Shining One.
  4742 | D:6      | Found an ancient bone altar of Kikubaaqudgha.
  4745 | D:6      | Found a blossoming altar of Fedhas.
  4778 | D:6      | Found a runed translucent door.
  4779 | D:6      | Noticed Crazy Yiuf
  4976 | D:6      | Found a staircase to the Ecumenical Temple.
  4989 | Temple   | Entered the Ecumenical Temple
  5019 | Temple   | Became a worshipper of Makhleb the Destroyer
  5087 | D:6      | Found a stormy altar of Qazlal.
  5499 | D:6      | Killed Crazy Yiuf
  5857 | D:7      | Slain by a hornet

Illustrated notes

Levels and vault maps discovered:
D:1:      sevenhm_arrival_forest_fort_small_6, layout_rooms,
          ebering_ecumenical_altar_petrified, serial_shops,
          nicolae_shop_overgrown_old_shop
D:2:      wad_pebble_path, layout_loops_ring, corexii_item_surrounded_by_moat,
          uniq_sigmund, uniq_natasha
D:3:      layout_basic, minmay_shallow_snake_nest
D:4:      layout_basic, marbit_many_paths, led_xom_imps, slow_altar_1,
          gammafunk_ghost_grave, uniq_menkaure
D:5:      layout_layer_cave, lemuel_crystal_altar, nemelex_dance_club_becter,
          st_stairs_13, uniq_edmund
D:6:      layout_gridville, grunt_temple_overflow_growth_and_decay,
          nicolae_qazlal_style_of_elements, lemuel_tele_altar, led_sif_book,
          minmay_temple_entry_wispy, kennysheep_pointless_box,
          uniq_crazy_yiuf_cottage
D:7:      layout_basic
Temple:   bh_familiar_temple

Skill      XL: |  1  2  3  4  5  6  7  8 |
---------------+-------------------------+-----
Fighting       | 2 3 4 5 6 |  6.9
Dodging        | 2 3 4 |  4.9
Stealth        | 1 2 3 |  3.4
Ranged Weapons | 3 4 |  4.8

Action                     |  1- 3 |  4- 6 |  7- 9 || total
---------------------------+-------+-------+-------++-------
  Melee: Shortbow          |       |     5 |     4 ||     9
         Dagger            |       |       |     7 ||     7
   Fire: Shortbow          |    66 |   189 |   453 ||   708
         Arbalest          |       |       |    53 ||    53
  Evoke: Wand              |       |       |     2 ||     2
    Use: Scroll            |       |     1 |       ||     1
         Potion            |       |     1 |     2 ||     3
 Armour: Robe              |    16 |    74 |   328 ||   418
  Dodge: Dodged            |    14 |    44 |   198 ||   256

Table legend: (Time is in decaauts)
 A = Elapsed time spent in this place.
 B = Non-inter-level travel time spent in this place.
 C = Inter-level travel time spent in this place.
 D = Time resting spent in this place.
 E = Time spent auto-exploring this place.
 F = Levels seen in this place.
 G = Mean time per level.
                   A        B        C        D        E       F      G
               +--------+--------+--------+--------+--------+-----+--------+
         Total |   6043 |   5850 |    193 |    242 |   4166 |   8 |  755.4 |
       Dungeon |   5983 |   5848 |    135 |    242 |   4166 |   7 |  854.7 |
        Temple |     59 |      1 |     58 |      0 |      0 |   1 |   59.0 |
               +--------+--------+--------+--------+--------+-----+--------+

Top non-repeatable levels by time:
     D:5: 1572 daAuts
     D:4: 1014 daAuts
     D:6: 988 daAuts
     D:2: 827 daAuts
     D:3: 657 daAuts
     D:1: 581 daAuts
     D:7: 340 daAuts
  Temple: 59 daAuts
